 Dungeon Crawl Stone Soup version 0.28.0-53-g5a82cb258f (webtiles) character file.

Game seed: 15883765059808020358

171 mcbry74 the Chopper (level 5, 0/46 HPs)
             Began as a Hill Orc Fighter on July 22, 2022.
             Slain by Sigmund
             ... wielding a +0 scythe
              (2 damage)
             ... on level 2 of the Dungeon.
             The game lasted 00:05:31 (1949 turns).

mcbry74 the Chopper (Hill Orc Fighter)              Turns: 1949, Time: 00:05:32

Health: 0/46       AC:  7    Str: 21    XL:     5   Next: 51%
Magic:  5/5        EV:  8    Int:  8    God:
Gold:   60         SH:  8    Dex: 10    Spells: 4/4 levels left

rFire   . . .      SeeInvis .   a - +2 war axe
rCold   . . .      Faith    .   i - +0 kite shield
rNeg    . . .      Spirit   .   b - +0 scale mail
rPois   .          Reflect  .   (no helmet)
rElec   .          Harm     .   (no cloak)
rCorr   .          Rampage  .   (no gloves)
Will    .....                   (no boots)
Stlth   ..........              (no amulet)
HPRegen 0.15/turn               (no ring)
MPRegen 0.09/turn               (no ring)

@: mighty
A: no striking features
a: no special abilities


You were on level 2 of the Dungeon.
You visited 1 branch of the dungeon, and saw 2 of its levels.

You collected 82 gold pieces.
You spent 22 gold pieces at shops.

Inventory:

Hand Weapons
 a - a +2 war axe (weapon)
Missiles
 h - 8 stones (quivered)
 n - 3 poisoned darts
Armour
 b - a +0 scale mail (worn)
 i - a +0 kite shield (worn)
Magical Staves
 c - a staff of conjuration
Scrolls
 e - a scroll of noise {unknown}
Potions
 d - a potion of might
 f - a potion of magic {unknown}
 g - a potion of mutation {unknown}
 j - a potion of lignification {unknown}
 k - a potion of flight {unknown}
 l - a potion of attraction {unknown}


   Skills:
 - Level 4.0 Fighting
 * Level 5.5 Axes
 + Level 4.3 Armour
 - Level 4.0 Shields


You had 4 spell levels left.
You didn't know any spells.
Your spell library contained the following spells:

 Spells                   Type           Power      Damage    Failure   Level
 Passage of Golubria      Tloc           0%         N/A       100%        4
 Silence                  Hex/Air        0%         N/A       100%        5
 Lehudib's Crystal Spear  Conj/Erth      0%         10d2      100%        8


Dungeon Overview and Level Annotations

Branches:
Dungeon (2/15)

Altars:

Shops:
D:2 ?

Annotations:
D:2 Sigmund


Message History

The adder is heavily wounded.
The adder bites you but does no damage.
A puff of flame appears from out of thin air!
The puff of flame hits you! You block the adder's attack.
You miss the adder.
The adder is heavily wounded.
The adder bites you but does no damage. The adder bites you.
You hit the adder.
The adder is heavily wounded.
You block the adder's attack.
A magic dart appears from out of thin air!
The magic dart hits you. The adder bites you but does no damage.
Something hits you!
You slash something! You barely miss the adder. The adder bites you.
You are poisoned.
The adder poisons you! Something hits you!
* * * LOW HITPOINT WARNING * * *
You block the adder's attack.
You slash something! You barely miss the adder.
You feel sick. The adder closely misses you. Something hits you!
* * * LOW HITPOINT WARNING * * *
Okay, then.
It was a potion of curing.
You feel better. The adder bites you but does no damage.
You block the adder's attack.
You feel better. Something hits you but does no damage.
The adder closely misses you.
You feel very mighty all of a sudden. You block the adder's attack.
Something hits you.
You miss something. You closely miss the adder. The adder barely misses you.
You block the adder's attack.
You hear some strange, mumbled words.
Something tries to affect you, but you resist.
You closely miss something. You slash the adder!
You kill the adder!
Something hits you.
* * * LOW HITPOINT WARNING * * *
You closely miss something. Something hits you!
* * * LOW HITPOINT WARNING * * *
Something hits you.
You die...

...∩.....#..###..##.#.######..###
....##...#..# #.....#............
....######<.# ##.######........##
....# ##.# #.#....'........+.
....# #.# #.#.####........#.
....# #.# #g#. #........#. ....#
..# #{#. #........#. ##### ...
#.#. #........#. # .. #@#{
#........#. # #. #.#g ########.††
# #.#. #.#. # #.# #.#) # #.# #.#.
# #.# #.#< # #.# ##.#. .$#
###.... ....###


You could see a hobgoblin.

Vanquished Creatures
  Jessica (D:2)
  Natasha (thrice) (D:2)
  2 adders (D:2)
  A worm (D:2)
  2 dart slugs (D:2)
  2 orcs (D:2)
  4 ball pythons
  An endoplasm (D:1)
  2 giant cockroaches
  4 goblins
  4 hobgoblins
  2 jackals (D:1)
  5 kobolds
  A quokka (D:1)
  5 bats
  A frilled lizard (D:2)
  5 rats
45 creatures vanquished.

Notes
Turn   | Place    | Note
-------+----------+-------------------------------------------
     0 | D:1      | mcbry74 the Hill Orc Fighter began the quest for the Orb.
     0 | D:1      | Reached XP level 1. HP: 19/19 MP: 1/1
    57 | D:1      | Reached skill level 3 in Axes
    67 | D:1      | Reached XP level 2. HP: 27/27 MP: 2/2
   866 | D:2      | Reached XP level 3. HP: 30/33 MP: 3/3
  1069 | D:2      | Reached skill level 4 in Axes
  1084 | D:2      | Noticed Natasha
  1091 | D:2      | Killed Natasha
  1092 | D:2      | Reached XP level 4. HP: 26/40 MP: 4/4
  1272 | D:2      | Noticed Natasha
  1276 | D:2      | Found Duzukus's Magic Scroll Shoppe.
  1284 | D:2      | Killed Natasha
  1303 | D:2      | Noticed Natasha
  1534 | D:2      | Killed Natasha
  1535 | D:2      | Reached skill level 5 in Axes
  1535 | D:2      | Reached XP level 5. HP: 27/46 MP: 5/5
  1664 | D:2      | Bought a scroll of identify for 22 gold pieces
  1682 | D:2      | Noticed Jessica
  1691 | D:2      | Killed Jessica
  1916 | D:2      | Noticed Sigmund
  1942 | D:2      | HP: 2/46 [something (9)]
  1948 | D:2      | HP: 2/46 [something (10)]
  1949 | D:2      | Slain by Sigmund

Illustrated notes

Levels and vault maps discovered:
D:1:      scummos_arrival_simple_crosswalls, layout_loops_ring
D:2:      layout_basic, serial_shops, shop, minmay_tromino_mix6, uniq_sigmund,
          uniq_jessica, uniq_natasha

Skill      XL: |  1  2  3  4 |
---------------+-------------+-----
Axes           | 3 4 5 |  5.5
Fighting       | 4 |  4.0
Armour         | 4 |  4.3
Shields        | 4 |  4.0

Action                   |  1- 3 |  4- 6 || total
-------------------------+-------+-------++-------
Melee: War axe           |    69 |    46 ||   115
  Use: Scroll            |       |     3 ||     3
       Potion            |       |     3 ||     3
Armor: Scale mail        |    40 |    17 ||    57
Dodge: Dodged            |    27 |    17 ||    44
Block: Buckler           |     6 |       ||     6
       Kite shield       |    17 |    15 ||    32
